 Dungeon Crawl Stone Soup version 0.31-a0-1074-g0b22e4e0f1 (webtiles) character file.

Game seed: 1580562763924560815

51814 avis the Spry (level 14, -1/66 HPs)
             Began as a Felid Shapeshifter on Nov 28, 2023.
             Was an Initiate of Gozag.
             Slain by a vault guard
             ... wielding a +0 long sword
              (13 damage)
             ... on level 13 of the Dungeon on Nov 30, 2023.
             The game lasted 02:23:23 (24769 turns).

avis the Spry (Felid Shapeshifter)                 Turns: 24769, Time: 02:23:24

Health: -1/66      AC:  9    Str: 13    XL:     14   Next: 24%
Magic:  22/27      EV: 37    Int: 21    God:    Gozag
Gold:   277        SH:  0    Dex: 24    Spells: 9/17 levels left
                                        Lives:  0   Deaths: 3

rFire   . .          .
                       - Unarmed
rCold   + . .        (shield unavailable)
rNeg    . . .        (body armour unavailable)
rPois   +            (helmet unavailable)
rElec   +            (cloak unavailable)
rCorr   .            (gloves unavailable)
SInv    +            (boots unavailable)
Will    ++...        s - amulet "Nofetoen" {Acrobat rElec Str+3}
Stlth   ++           E - ring "Wauceuv" {*Slow rPois MP+9 Int+7}
HPRegen 0.31/turn    q - +6 ring of dexterity
MPRegen 0.20/turn

%: slow self (1%), acrobat
@: ice-armoured, blade hands, freezing walls, quick
A: very small, (claws 1), fangs 3, see invisible, speed 1, shaggy fur 3,
(stealthy paws), no weapons or thrown items, no armour, multi-lived
a: Begin Untransformation, Renounce Religion, Potion Petition, Call Merchant,
Bribe Branch


You were on level 13 of the Dungeon.
You worshipped Gozag.
Gozag was aware of your devotion.
You had blades for front paws.
You visited 3 branches of the dungeon, and saw 18 of its levels.
You visited 1 bazaar.

You collected 4261 gold pieces.
You spent 3215 gold pieces at shops.
You paid 769 gold pieces to Gozag.

Inventory:

Jewellery
 q - a +6 ring of dexterity (right blade hand)
 s - the amulet "Nofetoen" (around neck) {Acrobat rElec Str+3}
   (You bought it in a shop on level 8 of the Dungeon)

   [amulet of the acrobat]

   Acrobat:   It increases your evasion while moving and waiting.
   Str+3:     It affects your strength (+3).
   rElec:     It insulates you from electricity.
 u - the ring of Ashenzari, Chewing {Ice rCorr Dex+3}
   (You found it on level 8 of the Dungeon)

   [ring of ice]

   Ice:       It enhances your ice magic.
   Dex+3:     It affects your dexterity (+3).
   rF-:       It makes you vulnerable to fire.
   rC+:       It protects you from cold.
   rCorr:     It protects you from acid and corrosion.
 E - the ring "Wauceuv" (left blade hand) {*Slow rPois MP+9 Int+7}
   (You bought it in a shop on level 1 of the Lair of Beasts)

   [ring of poison resistance]

   Int+7:     It affects your intelligence (+7).
   rPois:     It protects you from poison MP+9: It affects your magic capacity
   (+9).
   *Slow:     It may slow you when you take damage.
 H - a ring of resist corrosion
Talismans
 l - a blade talisman (active)
 G - a granite talisman
Wands
 a - a wand of flame (25)
 g - a wand of charming (1)
 k - a wand of roots (17)
 v - a wand of mindburst (16)
 w - a wand of quicksilver (6)
 F - a wand of digging (6)
Scrolls
 b - 2 scrolls of enchant weapon {unknown}
 d - 4 scrolls of immolation {unknown}
 e - 6 scrolls of teleportation {unknown}
 f - a scroll of fear {unknown}
 h - 5 scrolls of blinking {unknown}
 i - a scroll of revelation
 o - 3 scrolls of enchant armour {unknown}
 p - 3 scrolls of fog
 x - a scroll of poison
 y - 2 scrolls of summoning {unknown}
Potions
 c - 6 potions of curing
 j - a potion of might
 m - 3 potions of haste
 n - a potion of invisibility
 r - 4 potions of heal wounds
 z - 6 potions of lignification
 A - a potion of resistance
 B - a potion of ambrosia
 C - a potion of berserk rage
 D - 3 potions of brilliance
Miscellaneous
 t - a lightning rod (4/4)


   Skills:
 - Level 10.0 Fighting
 - Level 18.0 Dodging
 - Level 10.0 Unarmed Combat
 - Level 2.0 Spellcasting
 - Level 3.0 Transmutations
 - Level 5.0 Ice Magic
 * Level 15.2 Shapeshifting


You had 9 spell levels left.
You knew the following spells:

 Your Spells              Type           Power      Damage    Failure   Level
e - Wereblood             Tmut           14%        N/A       6%          2
o - Ozocubu's Armour      Ice            23%        N/A       5%          3
r - Frozen Ramparts       Ice            46%        1d7       5%          3

Your spell library contained the following spells:

 Spells                   Type           Power      Damage    Failure   Level
 Freeze                   Ice            92%        1d9       1%          1
 Sting                    Tmut/Pois      32%        1d4       8%          1
 Apportation              Tloc           4%         N/A       14%         1
 Necrotise                Necr           8%         1d4       14%         1
 Summon Small Mammal      Summ           8%         N/A       14%         1
 Hailstorm                Conj/Ice       12%        3d5       16%         3
 Poisonous Vapours        Pois/Air       4%         N/A       22%         2
 Static Discharge         Conj/Air       4%         3-4/arc   22%         2
 Dazzling Flash           Conj/Hex       4%         N/A       41%         3
 Petrify                  Tmut/Erth      8%         N/A       61%         4
 Airstrike                Air            1%         2d(1-17)  82%         4
 Olgreb's Toxic Radiance  Pois           2%         N/A       82%         4
 Summon Lightning Spire   Summ/Air       2%         N/A       82%         4
 Metabolic Englaciation   Hex/Ice        6%         N/A       82%         5
 Irradiate                Conj/Tmut      4%         3d13      91%         5
 Agony                    Necr           2%         N/A       99%         5
 Borgnjor's Vile Clutch   Necr/Erth      1%         N/A       99%         5
 Silence                  Hex/Air        1%         N/A       99%         5
 Death Channel            Necr           1%         N/A       100%        6
 Malign Gateway           Summ/Tloc      1%         N/A       100%        7
 Summon Horrible Things   Summ           1%         N/A       100%        8
 Animate Dead             Necr           Unusable   N/A       N/A         4
 Simulacrum               Ice/Necr       Unusable   N/A       N/A         6

Dungeon Overview and Level Annotations

Branches:
Dungeon (13/15)            Temple (1/1) D:5            Lair (4/5) D:10
  Swamp (0/4) Lair:3        Snake (0/4) Lair:3        Slime (0/5) Lair:4
    Orc (0/2) D:10
 Vaults: D:13-14

Altars:
Ashenzari
Cheibriados
Dithmenos
Elyvilon
Fedhas
Gozag
Hepliaklqana
Kikubaaqudgha
Makhleb
Nemelex Xobeh
Okawaru
Qazlal
Ru
Sif Muna
Trog
Uskayaw
Vehumet
Wu Jian
Xom
Yredelemnul
Zin
The Shining One

Shops:
D:8 =*   D:10 ((=(![   Lair:1 =

Annotations:
Lair:1 1 runed translucent door
Lair:4 exclusions: ice statue and oklob plant


Innate Abilities, Weirdness & Mutations

You have blades for front paws.
((You have sharp claws.))
You have razor-sharp teeth.
You have supernaturally acute eyesight. (SInv)
You cover ground quickly. (Speed+)
Your thick and shaggy fur keeps you warm. (AC +3, rC+)
((Your paws help you pounce on unaware monsters.))
You are incapable of wielding weapons or throwing items.
You cannot wear armour.
You gain extra lives every three experience levels.


Message History

The vault guard blocks your attack. The vault guard closely misses you.
The vault guard blocks your attack.
You bite the vault guard, but do no damage.
The vault guard barely misses you. The vault guard completely misses you.
Casting: Ozocubu's Armour (dangerous; 5% risk of failure)
Confirm with . or Enter, or press ? or * to list all spells.
A film of ice covers your body! The vault guard barely misses you.
The vault guard closely misses you.
Casting: Ozocubu's Armour (dangerous; 5% risk of failure)
Confirm with . or Enter, or press ? or * to list all spells.
Casting: Frozen Ramparts (dangerous; 5% risk of failure)
Press: ? - help, Dir - look around, f - activate The walls around you are covered in ice.
The wall freezes the vault guard but does no damage.
The vault guard completely misses you.
The wall freezes the vault guard but does no damage.
The vault guard completely misses you.
You hit the vault guard but do no damage.
You slash the vault guard, but do no damage.
The wall freezes the vault guard.
The vault guard misses you.
The wall freezes the vault guard.
The vault guard is distracted by your dazzling golden aura.
The vault guard shouts!
You slash the vault guard! Your bite misses the vault guard.
The vault guard is moderately wounded.
The wall freezes the vault guard but does no damage.
The vault guard hits you with a +0 long sword.
* * * LOW HITPOINT WARNING * * *
The vault guard blocks your attack.
The vault guard is moderately wounded.
The wall freezes the vault guard.
The vault guard is no longer distracted by gold.
The vault guard hits you with a +1 long sword!
* * * LOW HITPOINT WARNING * * *
The vault guard blocks your attack.
The vault guard is moderately wounded.
The wall freezes the vault guard but does no damage.
The vault guard hits you with a +0 long sword!
You die...
Your body crumbles into a pile of gold.

#.......# #.......#
#.......# #.......# .#
.... #.......# #.# #....
#...<...# #.# #....
#.......# #.# #.... #..#
#.......########.# #.!..
#..# #........p@......#
#.... #..#
#........p.......######..#
#..#
#.......#######).........#
#..# #.......#
#..........#
#..###.......#
#...#####..#
#............# #...# #..#
#............# #...# #..#
#..###.......# #...# #..#
#..# #..####.# #...# #..#


You could see 2 vault guards.

Vanquished Creatures
  Azrael (D:13)
  3 vault guards (D:13)
  A catoblepas (Lair:2)
  A hydra (D:13)
  2 boulder beetles
  A ghost crab (Lair:3)
  5 two-headed ogres
  6 death yaks
  Urug (Lair:1)
  A skyshark (Lair:1)
  A bog body (Lair:4)
  An ugly thing (D:12)
  4 cyclopes
  6 elephants (Lair:3)
  5 black mambas
  13 cane toads
  Maggie (Lair:1)
  An unseen horror (D:12)
  7 rime drakes
  2 torpor snails
  13 komodo dragons
  An ice devil (Lair:3)
  A troll (D:12)
  6 polar bears
  A hornet (D:10)
  9 dream sheep
  Prince Ribbit (Lair:1)
  7 blink frogs
  6 slime creatures (D:12)
  3 shadows
  8 wyverns
  28 yaks
  9 basilisks
  3 wraiths
  2 vampires
  7 humans
  A steam dragon (D:6)
  Menkaure (D:4)
  A spectral cane toad (Lair:3)
  3 nagas (Lair:3)
  18 water moccasins
  A hell hound (D:13)
  A spectral torpor snail (Lair:3)
  A black bear (Lair:2)
  4 ice beasts
  2 spectral blink frogs (Lair:3)
  7 orc warriors
  3 ogres
  2 centaurs
  13 wolves
  A kobold brigand (D:8)
  A gnoll sergeant (D:11)
  3 scorpions
  10 bullfrogs
  4 wights
  6 killer bees (D:7)
  A howler monkey (D:6)
  4 orc priests
  2 jellies
  3 hounds
  4 sleepcaps
  Crazy Yiuf (D:2)
  A gnoll bouda (D:8)
  Ijyb (D:2)
  Jessica (D:2)
  6 iguanas
  8 orc wizards
  A troll simulacrum (Lair:4)
  8 gnolls
  A naga simulacrum (Lair:4)
  14 adders
  A shadow imp (D:6)
  4 white imps
  4 ufetubi
  3 worms
  4 dart slugs
  31 orcs
  8 endoplasms
  3 giant cockroaches (D:2)
  11 goblins
  12 hobgoblins
  10 jackals
  4 quokkas
  7 ball pythons
  4 bats
  3 frilled lizards
  7 kobolds
  11 rats
  A spectral goblin (D:10)
435 creatures vanquished.

Notes
Turn   | Place    | Note
-------+----------+-------------------------------------------
     0 | D:1      | avis the Felid Shapeshifter began the quest for the Orb.
     0 | D:1      | Reached XP level 1. HP: 9/9 MP: 2/2
   186 | D:1      | Reached XP level 2. HP: 13/13 MP: 3/3
   463 | D:1      | Reached skill level 3 in Dodging
   864 | D:1      | Reached XP level 3. HP: 16/16 MP: 4/4
  1335 | D:2      | Reached skill level 4 in Dodging
  1335 | D:2      | Reached XP level 4. HP: 21/21 MP: 5/5
  1456 | D:2      | Noticed Jessica
  1468 | D:2      | Killed Jessica
  1469 | D:2      | Reached skill level 5 in Dodging
  1621 | D:2      | Found a faded altar of an unknown god.
  1716 | D:2      | Found a runed translucent door.
  1717 | D:2      | Noticed Crazy Yiuf
  2081 | D:3      | Noticed Ijyb
  2095 | D:2      | Killed Ijyb
  2096 | D:2      | Reached XP level 5. HP: 15/24 MP: 6/6
  2167 | D:2      | Reached skill level 6 in Dodging
  2271 | D:3      | Found a broken altar of Ashenzari.
  2603 | D:3      | Gained mutation: You are covered in thick fur. (AC +2)
                  | [Felid growth]
  2603 | D:3      | Reached XP level 6. HP: 12/28 MP: 7/7
  3164 | D:4      | Found a hide-covered altar of Uskayaw.
  3177 | D:4      | Reached skill level 5 in Shapeshifting
  3248 | D:4      | Noticed Menkaure
  3256 | D:4      | Killed Menkaure
  3483 | D:5      | Entered Level 5 of the Dungeon
  3740 | D:5      | Found a snail-covered altar of Cheibriados.
  3771 | D:5      | Reached XP level 7. HP: 32/32 MP: 8/8
  3826 | D:5      | Found a white marble altar of Elyvilon.
  4092 | D:5      | Reached skill level 7 in Dodging
  4290 | D:5      | Found a staircase to the Ecumenical Temple.
  4297 | Temple   | Entered the Ecumenical Temple
  4310 | Temple   | Became a worshipper of Gozag Ym Sagoz the Greedy
  4522 | D:6      | Reached skill level 8 in Dodging
  4648 | D:5      | Learned a level 3 spell: Ozocubu's Armour
  4804 | D:6      | Noticed a steam dragon
  5225 | D:6      | Reached skill level 9 in Dodging
  5225 | D:6      | Reached XP level 8. HP: 34/36 MP: 9/9
  5412 | D:6      | Found a basalt altar of Yredelemnul.
  5537 | D:6      | Reached skill level 1 in Spellcasting
  5537 | D:6      | Reached skill level 1 in Ice Magic
  5850 | D:7      | Reached skill level 5 in Fighting
  5921 | D:7      | Reached XP level 9. HP: 40/40 MP: 11/13
  6018 | D:7      | Reached skill level 5 in Ice Magic
  6679 | D:7      | Found a glowing golden altar of the Shining One.
  6944 | D:8      | Found Zicleceniu's Jewellery Shoppe.
  6958 | D:8      | Bought the amulet "Nofetoen" {Acrobat rElec Str+3} for 503
                  | gold pieces
  7034 | D:8      | Reached skill level 5 in Unarmed Combat
  7053 | D:8      | Reached skill level 10 in Dodging
  7187 | D:7      | Learned a level 3 spell: Frozen Ramparts
  7228 | D:8      | Found Bamal's Changing Room.
  7373 | D:8      | Identified the ring of Ashenzari, Chewing {Ice rCorr Dex+3}
  7639 | D:8      | Reached skill level 11 in Dodging
  7690 | D:8      | Reached XP level 10. HP: 32/45 MP: 5/14
  8257 | D:8      | Reached skill level 12 in Dodging
  8562 | D:9      | Found a shadowy altar of Dithmenos.
  9494 | D:10     | Entered Level 10 of the Dungeon
  9741 | D:10     | Found Nesmoiw's Weapon Shop.
  9742 | D:10     | Found Gura's Jewellery Boutique.
  9791 | D:10     | Found Urapayn's Weapon Shoppe.
  9791 | D:10     | Found Ijostruqao's Distillery.
  9791 | D:10     | Found Tacor's Weapon Shop.
  9805 | D:10     | Bought a potion of attraction for 36 gold pieces
  9805 | D:10     | Bought a potion of heal wounds for 60 gold pieces
  9805 | D:10     | Bought a potion of brilliance for 48 gold pieces
  9805 | D:10     | Bought a potion of resistance for 120 gold pieces
  9805 | D:10     | Bought a potion of mutation for 96 gold pieces
  9835 | D:10     | Noticed a two-headed ogre
  9847 | D:10     | Killed a two-headed ogre
  9904 | D:10     | Found Paso's Armour Shoppe.
  9907 | D:10     | Found a staircase to the Orcish Mines.
  9930 | D:10     | Reached skill level 13 in Dodging
  9956 | D:10     | Reached skill level 14 in Dodging
 10170 | D:10     | Found a staircase to the Lair.
 10426 | D:10     | Found a hazy altar of Hepliaklqana.
 10959 | Lair:1   | Entered Level 1 of the Lair of Beasts
 11041 | Lair:1   | Noticed a boulder beetle
 11067 | Lair:1   | Killed a boulder beetle
 11068 | Lair:1   | Reached XP level 11. HP: 28/50 MP: 8/15
 11091 | Lair:1   | Reached skill level 15 in Dodging
 11170 | Lair:1   | Noticed Urug
 11188 | Lair:1   | Killed Urug
 11603 | Lair:1   | Noticed a skyshark
 11619 | Lair:1   | Killed a skyshark
 11769 | Lair:1   | Reached skill level 10 in Shapeshifting
 11841 | Lair:1   | Identified the +6 long sword of the Hills {vamp, Stlth+}
 11903 | Lair:1   | Found a runed translucent door.
 11905 | Lair:1   | Noticed a reaper
 11921 | Lair:1   | Noticed Maggie
 11933 | Lair:1   | Killed Maggie
 12213 | Lair:1   | Reached skill level 16 in Dodging
 12224 | Lair:1   | Noticed Prince Ribbit
 12231 | Lair:1   | Killed Prince Ribbit
 12971 | D:8      | Bought a book of Changes for 252 gold pieces
 12974 | D:8      | Learned a level 2 spell: Wereblood
 13160 | D:2      | Killed Crazy Yiuf
 13767 | Lair:2   | Reached skill level 17 in Dodging
 13841 | Lair:2   | Reached skill level 1 in Transmutations
 13841 | Lair:2   | Gained mutation: Your thick and shaggy fur keeps you warm.
                  | (AC +3, rC+) [Felid growth]
 13841 | Lair:2   | Reached XP level 12. HP: 38/54 MP: 10/16
 14375 | Lair:2   | Noticed a boulder beetle
 14404 | Lair:2   | Killed a boulder beetle
 14707 | Lair:2   | Reached skill level 18 in Dodging
 14901 | Lair:2   | Noticed a catoblepas
 14916 | Lair:2   | HP: 1/54 [catoblepas (28)]
 14918 | Lair:2   | Killed a catoblepas
 16193 | D:8      | Bought a granite talisman for 600 gold pieces
 16947 | Lair:3   | Found a staircase to the Snake Pit.
 17302 | Lair:3   | Reached XP level 13. HP: 40/60 MP: 11/17
 17999 | Lair:3   | Found a staircase to the Swamp.
 19074 | Lair:4   | Found a staircase to the Slime Pits.
 19177 | Lair:4   | HP: 2/60 [bog body (35)]
 19177 | Lair:4   | Slain by a bog body
 19667 | Lair:3   | Reached skill level 10 in Fighting
 20577 | Lair:4   | Reached skill level 10 in Unarmed Combat
 21541 | Lair:1   | Bought the ring "Wauceuv" {*Slow rPois MP+9 Int+7} for 825
                  | gold pieces
 21796 | D:11     | Found a transporter.
 21802 | D:11     | Found a transporter.
 21804 | D:11     | Found a transporter.
 21860 | D:11     | Found a transporter.
 23034 | D:12     | Found a flickering gateway to a bazaar.
 23048 | Bazaar   | Entered a bazaar
 23048 | Bazaar   | Found Qadgh's Jewellery Boutique.
 23052 | Bazaar   | Found Othruive's Distillery.
 23066 | Bazaar   | Found Omuaprint's Distillery.
 23073 | Bazaar   | Found Hobong's Book Boutique.
 23135 | Bazaar   | Bought a Grand Grimoire for 306 gold pieces
 23135 | Bazaar   | Bought a book of Unlife for 324 gold pieces
 23142 | Bazaar   | Bought a potion of heal wounds for 45 gold pieces
 23365 | D:12     | Reached XP level 14. HP: 66/66 MP: 18/18
 24027 | D:12     | Found a bloodstained altar of Trog.
 24510 | D:13     | Mangled by a vault guard
 24566 | D:13     | Found a broken altar of Ashenzari.
 24711 | D:13     | Noticed Azrael
 24722 | D:13     | Reached skill level 15 in Shapeshifting
 24731 | D:13     | Killed Azrael
 24738 | D:13     | Killed from afar by a hell hound
 24769 | D:13     | Slain by a vault guard

Illustrated notes

Levels and vault maps discovered:
D:1:      roderic_dead_forest, layout_basic, minmay_rat_gold_closets
D:2:      minmay_angry_zag, layout_loops_ring,
          shapermc_ecumenical_altar_totnotflames, uniq_crazy_yiuf_cottage,
          uniq_jessica
D:3:      layout_rooms, mainiacjoe_overflow_24_doors, uniq_ijyb
D:4:      layout_rooms, mainiacjoe_overflow_small_starburst, uniq_menkaure
D:5:      layout_loops_ring, mainiacjoe_overflow_surrounded_room,
          elyvilon_altar_5, minmay_temple_entry_fiery
D:6:      minmay_evil_eye, layout_loops_ring, kennysheep_mini_moat,
          serial_bayou_crossing
D:7:      layout_basic, nicolae_tso_swordbearing_angel
D:8:      layout_loops_ring, serial_shops, shop, nicolae_transmutations_shop
D:9:      layout_rooms, mainiacjoe_overflow_concentric_impassable
D:10:     layout_basic, nicolae_hepliaklqana_monster_ancestors,
          david_lair_shrubbed, orc_david_3, nicolae_wooded_promenade
D:11:     layout_roguey, nicolae_transporter_circle
D:12:     hellmonk_ruined_rings, layout_basic, serial_shops, freezing_bzr,
          david_defended_altar_orc
D:13:     layout_long_grid, ximxim_vaults_locker_room, ashenzari_altar_1,
          uniq_azrael
Temple:   dpeg_chambers_temple
Lair:1:   layout_roguey, pdpol_lair_cabin_in_the_woods,
          infiniplex_staircase_pool_2, uniq_urug, uniq_maggie,
          uniq_prince_ribbit2
Lair:2:   regret_index_malice_mire, layout_regular_city
Lair:3:   layout_roguey, nicolae_swamp_entry_spooky, nicolae_snake_entry_squirm,
          serial_bayou_shore_b, grunt_megastairs_3
Lair:4:   dreamdust_isle_of_ice, layout_regular_city,
          minmay_slime_entry_oklob_open, small_statue_intersection

Skill      XL: |  1  2  3  4  5  6  7  8  9 10 11 12 13 14 |
---------------+-------------------------------------------+-----
Fighting       | 2 3 4 5 6 7 8 10 | 10.0
Dodging        | 3 4 5 6 9 11 14 17 18 | 18.0
Shapeshifting  | 4 5 7 10 11 14 15 | 15.2
Unarmed Combat | 4 6 7 8 10 | 10.0
Spellcasting   | 2 |  2.0
Ice Magic      | 3 5 |  5.0
Transmutations | 1 3 |  3.0

Action                     |  1- 3 |  4- 6 |  7- 9 | 10-12 | 13-15 || total
---------------------------+-------+-------+-------+-------+-------++-------
  Melee: Unarmed           |    83 |   151 |   371 |   527 |   413 ||  1545
         Bite              |     4 |    12 |    52 |    86 |    71 ||   225
         Punch             |     1 |     3 |     6 |    20 |    30 ||    60
   Cast: Ozocubu's Armour  |       |       |    12 |    75 |    65 ||   152
         Frozen Ramparts   |       |       |     4 |    91 |    51 ||   146
         Wereblood         |       |       |       |     2 |     2 ||     4
 Invoke: Call Merchant     |       |       |       |       |     1 ||     1
  Evoke: Wand              |       |     7 |     5 |    11 |     6 ||    29
    Use: Potion            |       |     1 |     1 |     3 |     4 ||     9
         Scroll            |       |       |     6 |     5 |     3 ||    14
   Stab: Sleeping          |    11 |     4 |     2 |     2 |     2 ||    21
         Distracted        |       |       |     1 |       |       ||     1
 Armour: Skin              |     9 |    49 |    91 |    93 |   111 ||   353
  Dodge: Dodged            |    42 |   105 |   313 |   585 |   497 ||  1542
   Form: Flux              |       |       |     1 |       |       ||     1
         Blade             |       |       |       |     1 |       ||     1

Table legend: (Time is in decaauts)
 A = Elapsed time spent in this place.
 B = Non-inter-level travel time spent in this place.
 C = Inter-level travel time spent in this place.
 D = Time resting spent in this place.
 E = Time spent auto-exploring this place.
 F = Levels seen in this place.
 G = Mean time per level.
                   A        B        C        D        E       F      G
               +--------+--------+--------+--------+--------+-----+--------+
         Total |  21924 |  19579 |   2345 |   6774 |   6725 |  19 | 1153.9 |
       Dungeon |  12978 |  11055 |   1923 |   2866 |   4792 |  13 |  998.3 |
        Temple |     35 |     26 |      9 |      0 |      0 |   1 |   35.0 |
          Lair |   8798 |   8386 |    412 |   3887 |   1932 |   4 | 2199.5 |
        Bazaar |    113 |    113 |      0 |     21 |      0 |   1 |  113.0 |
               +--------+--------+--------+--------+--------+-----+--------+

Top non-repeatable levels by time:
  Lair:3: 2937 daAuts
  Lair:2: 2309 daAuts
  Lair:1: 1905 daAuts
     D:8: 1858 daAuts
  Lair:4: 1645 daAuts
    D:10: 1592 daAuts
     D:6: 1266 daAuts
    D:12: 1183 daAuts
     D:2: 1109 daAuts
     D:7: 1000 daAuts
    D:11: 998 daAuts
     D:1: 942 daAuts
     D:5: 929 daAuts
     D:3: 689 daAuts
     D:9: 642 daAuts
